AoeStats
← Fake_target

Glade

510960874Analyzed
1v1 RM · 10h ago on Oct 3, 2026· 48m 40s· 2 players
Game mode
Random Map
Map size
Tiny (2 player)
Population
200
Speed
Normal
Resources
Standard
Victory
Conquest
Starting age
Dark Age
Ending age
Imperial Age
RankedLock teamsTeams togetherTeam positionsShared explorationLock speedFull tech treeHidden civsTurbo modeCheats
Victory
Defeat
🇺🇸 Khmer · United States
827
+17
🇨🇿 Bohemians · Czechia
856
-43
gazeintothefuture
8:03 Loom
11:43 Feudal Age
15:10 Castle Age
13:27 Double-Bit Axe
14:38 Gold Mining
15:51 Bloodlines
16:10 Horse Collar
18:38 Wheelbarrow
19:16 Husbandry
21:00 Heavy Plow
21:17 Bow Saw
30:16 Scale Barding Armor
30:22 Forging
30:35 Ballistics
32:20 Light Cavalry
33:25 Hand Cart
32:55 Town Watch
35:15 Stone Mining
36:00 Gold Shaft Mining
37:01 Stone Shaft Mining
39:57 Imperial Age
37:31 Town Patrol
39:12 Chain Barding Armor
39:28 Iron Casting
39:27 Tusk Swords
41:26 Plate Barding Armor
40:43 Hussar
41:52 Heavy Scorpion
44:29 Blast Furnace
45:39 Conscription
45:20 Double Crossbow
45:31 Double Crossbow
45:54 Conscription
47:58 Padded Archer Armor
47:48 Fletching
Fake_target
4:02 Loom
11:48 Feudal Age
13:29 Horse Collar
13:39 Double-Bit Axe
17:37 Wheelbarrow
23:56 Castle Age
23:44 Fletching
25:01 Bodkin Arrow
27:30 Squires
26:52 Pikeman
29:26 Ballistics
30:07 Chemistry
32:03 Masonry
38:54 Murder Holes
40:58 Wagenburg Tactics
42:27 Hand Cart
41:44 Elite Skirmisher
49:41 Imperial Age
Connection lost

Rejoining the realm…

Still unreachable

The connection could not be restored.

Session expired

The server has moved on; the page needs a fresh start.